 Dungeon Crawl Stone Soup version 0.31.0-1-g2c135a0 (webtiles) character file.

Game seed: 10002974912404981658

1561 jagoly the Cleaver (level 8, -3/51 HPs)
             Began as a Gargoyle Monk on Jan 26, 2024.
             Was a Follower of the Shining One.
             Slain by Erica
             ... wielding a +1 scimitar of flaming
              (8 damage)
             ... on level 8 of the Dungeon.
             The game lasted 00:20:29 (1998 turns).

jagoly the Cleaver (Gargoyle Monk)                  Turns: 1998, Time: 00:20:30

Health: -3/51      AC: 15    Str: 18    XL:     8   Next: 89%
Magic:  5/8        EV:  7    Int: 10    God:    the Shining One [*.....]
Gold:   295        SH:  6    Dex: 12    Spells: 7/7 levels left

rFire   . . .        a - +0 war axe
rCold   . . .        d - orb {light}
rNeg    + + .        j - +0 scale mail
rPois   ∞            u - +0 helmet
rElec   +            (no cloak)
rCorr   .            (no gloves)
SInv    .            A - +0 pair of boots
Will    .....        (no amulet) Stlth
                     b - ring of positive energy
HPRegen 0.28/turn    (no ring)
MPRegen 0.11/turn

%: no passive effects
@: divinely shielded, glowing, constricted
A: sickness immunity, AC +5, negative energy resistance 1, electricity
resistance, torment resistance 1, petrification resistance
a: Renounce Religion, Divine Shield


You were on level 8 of the Dungeon.
You worshipped the Shining One.
The Shining One was aware of your devotion.
You visited 2 branches of the dungeon, and saw 9 of its levels.

You collected 295 gold pieces.

Inventory:

Hand Weapons
 a - a +0 war axe (weapon)
 g - a +0 sling
 i - a +0 orcbow
 z - a +2 shortbow of flaming
Missiles
 e - 44 stones (quivered)
 o - 2 boomerangs
 s - 3 silver javelins
Armour
 d - an orb of light (worn)
 j - a +0 scale mail (worn)
 l - a +0 chain mail
 u - a +0 helmet (worn)
 A - a +0 pair of boots (worn)
Jewellery
 b - a ring of positive energy (left hand)
Wands
 p - a wand of quicksilver (2)
Scrolls
 f - 4 scrolls of identify
 h - a scroll of brand weapon {unknown}
 m - 3 scrolls of teleportation {unknown}
 n - 2 scrolls of amnesia {unknown}
 q - a scroll of fear {unknown}
 r - 3 scrolls of blinking {unknown}
 w - a scroll of immolation {unknown}
 x - a scroll of revelation {unknown}
 y - a scroll of fog {unknown}
Potions
 c - a potion of ambrosia
 k - a potion of heal wounds
 t - a potion of invisibility {unknown}
 v - a potion of degeneration {unknown}


   Skills:
 + Level 5.7 Fighting
 * Level 8.4 Axes
 + Level 4.3 Armour
 + Level 2.7 Dodging
 - Level 2.0 Stealth


You had 7 spell levels left.
You didn't know any spells.
Your spell library was empty.

Dungeon Overview and Level Annotations

Branches:
Dungeon (8/15) Zot: 26915  Temple (1/1) D:7 Zot: 5955
   Lair: D:8-11

Altars:
Dithmenos
Elyvilon
Fedhas
Gozag
Hepliaklqana
Kikubaaqudgha
Makhleb
Okawaru
Qazlal
Ru
Sif Muna
Trog
Uskayaw
Wu Jian
Xom
Yredelemnul
Zin
The Shining One

Shops:
D:1 [   D:6 (   D:7 (

Annotations:
D:8 Erica


Innate Abilities, Weirdness & Mutations

You are immune to sickness and miasma.
Your stone body is resilient. (AC +5)
You are immune to poison.
You resist negative energy. (rN+)
You are resistant to electric shocks. (rElec)
You are resistant to unholy torment.
You are immune to petrification.


Message History

You barely miss the scorpion.
The scorpion stings you but does no damage.
You hit the scorpion.
The scorpion is lightly wounded.
The scorpion stings you.
The scorpion stings you but does no damage.
You barely miss the scorpion.
The scorpion is lightly wounded.
The scorpion stings you but does no damage.
You slash the scorpion!
The scorpion is severely wounded.
The scorpion stings you.
You hit the scorpion.
The scorpion is almost dead.
The scorpion stings you.
The scorpion stings you but does no damage.
You slash the scorpion!
You kill the scorpion!
You have reached level 8!
You feel stronger.
There is a stone staircase leading down here.
You climb downwards.
The iguana hisses angrily.
Found 13 stones and 28 gold pieces.
Found Wosidghue's Weapon Emporium.
Found a stone staircase leading down.
There is a stone staircase leading up here.
You hit the iguana but do no damage.
The iguana bites you but does no damage.
You slash the iguana!
The iguana is severely wounded.
The iguana bites you.
You hit the iguana.
You kill the iguana!
No target in view!
Found a stone staircase leading up.
e - 37 stones (gained 5)
Found a brass ring.
Found a scroll labelled ERREUT MAKLYUK.
e - 45 stones (gained 8)
Found a quarterstaff.
You see here a ring of poison resistance.
f - 4 scrolls labelled ERREUT MAKLYUK (gained 1)
You now have 232 gold pieces (gained 18).
You now have 242 gold pieces (gained 10).
There is an entrance to Wosidghue's Weapon Emporium here.
An orc comes into view. It is wielding a +2 heavy flail.
The orc closely misses you.
You hit the orc but do no damage. The orc hits you but does no damage.
You hit the orc but do no damage. You barely miss the orc.
The orc hits you but does no damage.
You slash the orc!
You kill the orc!
No target in view!
Found 13 gold pieces.
Things that are here:
a +2 heavy flail; an orc corpse You now have 255 gold pieces (gained 13).
A black bear comes into view.
The black bear growls angrily.
The black bear moves out of view.
Found a stone staircase leading up.
Found a chain mail and a scroll labelled SIJOEN MEESSA.
Okay, then.
Throw: 45 stones
Press: ? - help, Q - select action, (/) - cycle Shift-Dir - straight line, f - black bear
Aim: a black bear (haloed, 85% to hit)
You throw a stone.
The stone hits the black bear but does no damage.
You hit the black bear.
The black bear is lightly wounded.
The black bear barely misses you. The black bear claws you. x2
You slash the black bear!
The black bear is heavily wounded.
The black bear closely misses you.
The black bear claws you but does no damage.
The black bear claws you. The black bear closely misses you.
The black bear barely misses you. The black bear closely misses you.
You hit the black bear but do no damage.
The black bear is heavily wounded.
The black bear bites you but does no damage.
The black bear claws you but does no damage.
The black bear barely misses you.
You hit the black bear but do no damage.
The black bear is heavily wounded.
The black bear bites you.
The black bear claws you but does no damage.
The black bear claws you.
You barely miss the black bear.
The black bear is heavily wounded.
The black bear completely misses you.
The black bear claws you but does no damage.
The black bear closely misses you.
You hit the black bear.
The black bear is severely wounded.
The black bear bites you but does no damage.
The black bear claws you but does no damage.
The black bear claws you.
You hit the black bear but do no damage.
The black bear is severely wounded.
The black bear bites you but does no damage.
The black bear claws you but does no damage.
The black bear barely misses you.
You hit the black bear.
The black bear is almost dead.
The black bear goes berserk!
The black bear bites you but does no damage.
The black bear claws you but does no damage.
The black bear claws you.
You slash the black bear!
You kill the black bear!
Your Fighting skill increases to level 5!
No target in view!
Found a chain mail.
There is a stone staircase leading up here.
Found an emerald potion.
n - 2 scrolls labelled SIJOEN MEESSA (gained 1)
v - an emerald potion
Found an escape hatch in the floor.
Found a chain mail.
Found a scroll labelled ERREUT MAKLYUK.
Found 13 gold pieces.
Found a leather armour.
A hound comes into view.
Found 16 gold pieces.
Found a stone staircase leading down.
The hound barks!
You hear a shout!
A white imp comes into view.
You see here a scroll labelled ERREUT MAKLYUK.
f - 5 scrolls labelled ERREUT MAKLYUK (gained 1)
The hound bites you but does no damage.
You slash the hound!
The hound is heavily wounded.
The hound closely misses you. The hound bites you but does no damage.
You slash the hound!
You kill the hound!
No target in view!
No target in view!
No target in view!
No target in view!
No target in view!
No target in view!
You see here a hound corpse.
The white imp hits you but does no damage.
You hit the white imp but do no damage.
The white imp hits you but does no damage.
You barely miss the white imp.
The white imp hits you but does no damage.
You barely miss the white imp. The white imp gestures at you.
The puff of frost hits you.
You slash the white imp!
The white imp is almost dead.
The white imp misses you.
You hit the white imp.
You kill the white imp!
No target in view!
No target in view!
You now have 268 gold pieces (gained 13).
You now have 284 gold pieces (gained 16).
Found an iron altar of Okawaru. 2 humans come into view.
The human shouts!
The human hits you with a +0 long sword. x2
You barely miss the human. The human completely misses you.
You barely miss the human. The human hits you but does no damage.
You barely miss the human.
The human hits you with a +0 long sword.
You hit the human.
The human is lightly wounded.
The human barely misses you.
You hit the human.
The human is lightly wounded.
The human hits you but does no damage.
You hit the human.
The human is moderately wounded.
The human hits you but does no damage.
You hit the human.
The human is heavily wounded.
The human hits you with a +0 long sword.
You hit the human.
The human is heavily wounded.
The human closely misses you.
You hit the human but do no damage.
The human is heavily wounded.
The human hits you but does no damage. x2
You barely miss the human.
The human is heavily wounded.
The human closely misses you.
You hit the human but do no damage.
The human is heavily wounded.
The human completely misses you.
You slash the human!
You kill the human!
You slash the human!
The human is moderately wounded.
The human hits you with a +0 long sword.
You barely miss the human.
The human is moderately wounded.
The human hits you but does no damage.
You barely miss the human.
The human is moderately wounded.
The human hits you but does no damage.
You hit the human.
The human is heavily wounded.
The human hits you but does no damage. The human barely misses you.
You barely miss the human.
The human is heavily wounded.
The human closely misses you.
You hit the human.
The human is heavily wounded.
The human barely misses you.
You hit the human but do no damage.
The human is heavily wounded.
The human hits you but does no damage.
You slash the human!
The human is severely wounded.
The human hits you but does no damage.
You hit the human.
The human is severely wounded.
The human closely misses you.
You slash the human!
You kill the human!
Training target 4.0 for Armour reached!
Your Axes skill increases to level 8!
Your Armour skill increases to level 4!
No target in view!
No target in view!
Items here: )) [[ †.
Okay, then.
Okay, then.
Found a stone staircase leading down.
A bullfrog comes into view.
The bullfrog croaks.
You slash the bullfrog!
The bullfrog is severely wounded.
The bullfrog hits you.
The bullfrog hits you but does no damage.
You slash the bullfrog!
The bullfrog is almost dead.
The bullfrog misses you. The bullfrog barely misses you.
You barely miss the bullfrog.
The bullfrog is almost dead.
The bullfrog closely misses you.
You closely miss the bullfrog.
The bullfrog is almost dead.
The bullfrog hits you.
The bullfrog hits you but does no damage.
You barely miss the bullfrog.
The bullfrog is almost dead.
The bullfrog hits you!
The bullfrog hits you but does no damage.
You hit the bullfrog.
You kill the bullfrog!
No target in view!
You open the door.
Found a staircase to the Ecumenical Temple.
There is an open door here.
There is a staircase to the Ecumenical Temple here.
You climb downwards.
Welcome to the Ecumenical Temple!
Found a shimmering blue altar of Sif Muna and a sacrificial altar of Ru.
Found a staircase back to the Dungeon.
There is a staircase back to the Dungeon here.
Search for what [? for help]? .
Found a basalt altar of Yredelemnul and a burning altar of Makhleb.
Found a blossoming altar of Fedhas and a shadowy altar of Dithmenos.
Found two altars.
There is a shadowy altar of Dithmenos here.
Found two altars.
There is an ancient bone altar of Kikubaaqudgha here.
Found an opulent altar of Gozag and a stormy altar of Qazlal.
There is a glowing golden altar of the Shining One here.
You kneel at the altar of the Shining One.
The Shining One welcomes you!
You and your allies can now gain power from killing the unholy and evil.
You can now call upon the Shining One for a divine shield.
There is an ancient bone altar of Kikubaaqudgha here.
There is a shadowy altar of Dithmenos here.
There is a staircase back to the Dungeon here.
Unknown command.
You climb upwards.
Welcome back to the Dungeon!
There is a staircase to the Ecumenical Temple here.
Found 11 gold pieces.
You open the door.
There is an open door here.
Found a scroll labelled ZIUWNOET WYDEOPP.
You now have 295 gold pieces (gained 11).
Found a helmet.
w - a scroll labelled ZIUWNOET WYDEOPP
Found a scroll labelled NYDOZA TIHET.
You see here a +0 helmet.
x - a scroll labelled NYDOZA TIHET
Found 2 scrolls labelled ENTOUG XUEH.
Found an escape hatch in the ceiling.
r - 3 scrolls labelled ENTOUG XUEH (gained 2) Unknown command.
There is a stone staircase leading down here.
Unknown command.
Unknown command.
You climb downwards.
Found a scroll labelled JIAWED VUXIPN and a scroll labelled ERREUT MAKLYUK.
Found a stone staircase leading down.
There is a stone staircase leading up here.
A centaur comes into view.
Found a worn bone wand.
The centaur shouts!
The centaur wields a +0 shortbow.
The centaur shoots an arrow.
The arrow misses you.
There is a stone staircase leading up here.
The centaur shoots an arrow.
The arrow barely misses you.
The centaur unwields a +0 shortbow.
The centaur hits you but does no damage.
The centaur closely misses you. The centaur hits you.
The centaur closely misses you. The centaur barely misses you.
The centaur kicks you but does no damage.
You slash the centaur!
The centaur is heavily wounded.
The centaur hits you.
The centaur kicks you but does no damage.
You slash the centaur!
You kill the centaur!
Things that are here:
a +0 shortbow; a centaur corpse
Found a scroll labelled ERREUT MAKLYUK.
A wolf and an electric eel come into view.
The wolf howls!
You hear a howl!
You hear a shout!
The electric eel shoots out a bolt of lightning at you!
The bolt of electricity hits you. You resist.
You see here a scroll labelled JIAWED VUXIPN.
y - a scroll labelled JIAWED VUXIPN The electric eel shoots out a bolt of lightning at you!
The bolt of electricity hits you. You resist.
You hear a bark!
A centaur comes into view.
The centaur shouts!
The centaur wields a +2 shortbow of flaming.
It bursts into flame!
The centaur shoots an arrow.
The arrow barely misses you.
The electric eel shoots out a bolt of lightning at you!
The bolt of electricity hits you. You resist.
The centaur shoots an arrow.
The arrow hits you! The arrow burns you.
A hound comes into view.
The electric eel shoots out a bolt of lightning at you!
The bolt of electricity hits you. You resist.
The centaur shoots an arrow.
The arrow hits you!
* * * LOW HITPOINT WARNING * * *
The arrow burns you.
* * * LOW HITPOINT WARNING * * *
The centaur shoots an arrow.
The arrow hits you!
* * * LOW HITPOINT WARNING * * *
The arrow burns you.
* * * LOW HITPOINT WARNING * * *
Okay, then.
Okay, then.
As you read the scroll labelled ERREUT MAKLYUK, it crumbles to dust.
It is a scroll of identify.
k - 2 potions of heal wounds The centaur shoots an arrow.
The arrow closely misses you.
The hound pauses to sniff the ground.
You feel much better.
The centaur shoots an arrow.
The arrow barely misses you.
The centaur shoots an arrow.
The arrow hits you but does no damage.
Okay, then.
Unknown command.
The centaur shoots an arrow.
The arrow closely misses you.
A wolf comes into view.
The centaur unwields a +2 shortbow of flaming.
It stops flaming.
The centaur hits you but does no damage.
The centaur kicks you but does no damage.
There is a stone staircase leading up here.
Cleave: a) +0 war axe
Press: ? - help, Dir - move target, f - centaur
Aim: a centaur (haloed, about 10% to evade your +0 war axe)
The wolf howls!
You hit the centaur.
The centaur is moderately wounded.
The centaur hits you.
* * * LOW HITPOINT WARNING * * *
The centaur kicks you but does no damage.
A wolf comes into view.
The centaur hits you.
* * * LOW HITPOINT WARNING * * *
The centaur completely misses you.
The wolf howls!
The hound misses you.
The centaur hits you but does no damage.
The centaur kicks you but does no damage.
The hound barely misses you.
You climb upwards.
There is a stone staircase leading down here.
Cleave: a) +0 war axe
Press: ? - help, Dir - move target, f - centaur
Aim: a centaur (moderately wounded, haloed, about 10% to evade your +0 war axe)
You hit the centaur.
The centaur is moderately wounded.
You hit the hound but do no damage. The centaur barely misses you.
The centaur kicks you but does no damage.
The hound misses you. The centaur barely misses you.
The centaur kicks you but does no damage.
Cleave: a) +0 war axe
Press: ? - help, Dir - move target, f/p - centaur
Aim: a centaur (moderately wounded, haloed, about 10% to evade your +0 war axe)
You slash the centaur!
The centaur is severely wounded.
You hit the hound but do no damage.
The hound pauses to sniff the ground.
The hound bites you.
* * * LOW HITPOINT WARNING * * *
The centaur closely misses you. The centaur kicks you.
* * * LOW HITPOINT WARNING * * *
The hound bites you but does no damage.
The centaur hits you but does no damage.
The centaur barely misses you.
Cleave: a) +0 war axe
Press: ? - help, Dir - move target, f/p - centaur
Aim: a centaur (severely wounded, haloed, about 10% to evade your +0 war axe)
You slash the centaur!
You kill the centaur!
You hit the hound. The hound barely misses you. The hound closely misses you.
Cleave: a) +0 war axe
Press: ? - help, Dir - move target, f - hound
Aim: a hound (lightly wounded, haloed, about 31% to evade your +0 war axe)
You hit the hound.
The hound is heavily wounded.
The hound closely misses you.
Cleave: a) +0 war axe
Press: ? - help, Dir - move target, f/p - hound
Aim: a hound (heavily wounded, haloed, about 31% to evade your +0 war axe)
You hit the hound.
The hound is severely wounded.
The hound closely misses you. The hound barely misses you.
Cleave: a) +0 war axe
Press: ? - help, Dir - move target, f/p - hound
Aim: a hound (severely wounded, haloed, about 31% to evade your +0 war axe)
You hit the hound.
The hound is almost dead.
The hound misses you. The hound bites you but does no damage.
Cleave: a) +0 war axe
Press: ? - help, Dir - move target, f/p - hound
Aim: a hound (almost dead, haloed, about 31% to evade your +0 war axe)
You hit the hound.
You kill the hound!
You see here a +2 shortbow of flaming.
z - a +2 shortbow of flaming
Found a pair of boots.
Found Sif Muna's Parchment of Retrieval.
You see here a +0 pair of boots.
You start putting on your armour.
You continue putting on your +0 pair of boots. x4
You finish putting on your +0 pair of boots.
Found a bloodstained altar of Trog.
The spellbook bursts into flames!
Trog roars with delight!
There is a stone staircase leading down here.
You climb downwards.
Erica shouts!
The orc shouts!
Erica misses you. Erica grabs you. Erica constricts you.
Found a throwing net.
There is a stone staircase leading up here.
Okay, then.
Okay, then.
Aiming: Quicksilver Bolt
Press: ? - help, Shift-Dir - straight line, f - Erica
Aim: Erica, wielding a +1 scimitar of flaming and wearing an amulet of magic regeneration (constricting you, haloed, 71% to hit)
Okay, then.
Your shield is strengthened by the Shining One's divine power.
Erica barely misses you. Erica constricts you.
* * * LOW HITPOINT WARNING * * *
Aiming: Quicksilver Bolt
Press: ? - help, Shift-Dir - straight line, f - Erica
Aim: Erica, wielding a +1 scimitar of flaming and wearing an amulet of magic regeneration (constricting you, haloed, 71% to hit)
The bolt of dispelling energy hits Erica!
Erica is moderately wounded.
Erica hits you with a +1 scimitar of flaming.
* * * LOW HITPOINT WARNING * * *
Erica burns you.
* * * LOW HITPOINT WARNING * * *
Erica constricts you.
Aiming: Quicksilver Bolt
Press: ? - help, Shift-Dir - straight line, f/p - Erica
Aim: Erica, wielding a +1 scimitar of flaming and wearing an amulet of magic regeneration (moderately wounded, constricting you, haloed, 71% to hit)
The bolt of dispelling energy hits Erica!!
Erica is severely wounded.
Erica screams, "I'll never tell where it is!"
Erica barely misses you. Erica constricts you.
* * * LOW HITPOINT WARNING * * *
Aiming: Quicksilver Bolt
Press: ? - help, Shift-Dir - straight line, f/p - Erica
Aim: Erica, wielding a +1 scimitar of flaming and wearing an amulet of magic regeneration (heavily wounded, constricting you, haloed, 71% to hit)
The bolt of dispelling energy hits Erica!!
Erica is almost dead.
Erica hits you with a +1 scimitar of flaming!
* * * LOW HITPOINT WARNING * * *
Erica burns you.
* * * LOW HITPOINT WARNING * * *
Erica constricts you.
* * * LOW HITPOINT WARNING * * *
Aiming: Quicksilver Bolt
Press: ? - help, Shift-Dir - straight line, f/p - Erica
Aim: Erica, wielding a +1 scimitar of flaming and wearing an amulet of magic regeneration (almost dead, constricting you, haloed, 71% to hit)
The bolt of dispelling energy misses Erica.
The orc barely misses you.
Erica hits you with a +1 scimitar of flaming!
You die...
Erica begins burbling mirthfully and uncontrollably.

.... .# ....
.# .... ..
.... #. ...#
####.## ...#
##.....# ..
#
#...(.###...
..
#..@o......
..
#..x.......
##.##.....#
## ..#.## .#
# ##


You could see Erica and an orc.

Vanquished Creatures
  2 humans (D:7)
  An ice beast (D:5)
  A black bear (D:7)
  3 centaurs
  A phantom (D:6)
  A bullfrog (D:7)
  A brain worm (D:6)
  3 scorpions
  2 bombardier beetles
  A jelly (D:5)
  3 hounds
  2 sleepcaps (D:6)
  Natasha (twice) (D:3)
  2 iguanas
  10 adders
  A white imp (D:7)
  A dart slug (D:4)
  7 orcs
  5 endoplasms
  3 giant cockroaches
  A goblin (D:2)
  8 hobgoblins
  6 jackals
  3 quokkas
  2 ball pythons (D:2)
  A bat (D:1)
  A frilled lizard (D:2)
  6 kobolds
  4 rats
84 creatures vanquished.

Notes
Turn   | Place    | Note
-------+----------+-------------------------------------------
     0 | D:1      | jagoly the Gargoyle Monk began the quest for the Orb.
     0 | D:1      | Reached XP level 1. HP: 14/14 MP: 1/1
    84 | D:2      | Reached XP level 2. HP: 19/19 MP: 2/2
   107 | D:2      | Reached skill level 3 in Axes
   123 | D:2      | Reached skill level 1 in Stealth
   260 | D:1      | Reached XP level 3. HP: 23/23 MP: 3/3
   260 | D:1      | Found Sifeddor's Antique Armour Emporium.
   278 | D:1      | Found a faded altar of an unknown god.
   348 | D:3      | Found a hide-covered altar of Uskayaw.
   459 | D:3      | Noticed Natasha
   469 | D:3      | Killed Natasha
   470 | D:3      | Reached skill level 1 in Armour
   480 | D:3      | Reached XP level 4. HP: 25/29 MP: 4/4
   522 | D:3      | Noticed Natasha
   531 | D:3      | Killed Natasha
   534 | D:3      | Found a glowing silver altar of Zin.
   577 | D:4      | Reached skill level 4 in Axes
   577 | D:4      | Reached XP level 5. HP: 20/33 MP: 5/5
   654 | D:5      | Entered Level 5 of the Dungeon
   668 | D:5      | Reached XP level 6. HP: 35/38 MP: 6/6
   684 | D:5      | Reached skill level 5 in Axes
   975 | D:4      | Reached skill level 6 in Axes
  1101 | D:5      | Noticed an ice beast
  1111 | D:5      | Killed an ice beast
  1112 | D:5      | Reached XP level 7. HP: 30/43 MP: 7/7
  1252 | D:6      | Found Jiyjinul's Antique Weapon Shop.
  1334 | D:6      | Found a shimmering altar of Xom.
  1334 | D:6      | Found a shimmering altar of Xom.
  1390 | D:6      | Reached skill level 7 in Axes
  1474 | D:6      | Found a white marble altar of Elyvilon.
  1580 | D:6      | Reached XP level 8. HP: 38/48 MP: 8/8
  1590 | D:7      | Found Wosidghue's Weapon Emporium.
  1669 | D:7      | Reached skill level 5 in Fighting
  1753 | D:7      | Found an iron altar of Okawaru.
  1781 | D:7      | Reached skill level 8 in Axes
  1816 | D:7      | Found a staircase to the Ecumenical Temple.
  1821 | Temple   | Entered the Ecumenical Temple
  1843 | Temple   | Became a worshipper of the Shining One
  1843 | Temple   | Reached * piety under the Shining One
  1843 | Temple   | Reached ** piety under the Shining One
  1974 | D:7      | Found a bloodstained altar of Trog.
  1993 | D:8      | Noticed Erica
  1998 | D:8      | Slain by Erica

Illustrated notes

Levels and vault maps discovered:
D:1:      nicolae_arrival_washed_ashore, layout_basic,
          hellmonk_ecumenical_altar_run_dry, serial_shops, shop, shop, shop,
          shop, nicolae_shop_crystal, grunt_decor_cap
D:2:      layout_rooms, minmay_cut_off
D:3:      layout_loops_ring, nicolae_uskayaw_dance_hall, zin_treasury,
          kennysheep_generic_room_12, uniq_natasha
D:4:      minmay_evil_eye, layout_basic, chequers_serial_rivers_micro_d
D:5:      layout_cave_pools
D:6:      layout_cave_pools, lemuel_crystal_altar, xom_redecorated,
          serial_shops, nicolae_shop_tiny_glass
D:7:      layout_rooms, trog_book, okawaru_humans, temple_doors_e,
          nicolae_stop_n_shop_2
D:8:      layout_cave_pools, ashenzari_altar_1, erik_lair_island, uniq_erica
Temple:   chequers_temple_sunken

Skill      XL: |  1  2  3  4  5  6  7  8 |
---------------+-------------------------+-----
Axes           | 3 4 6 7 8 |  8.4
Stealth        | 1 2 |  2.0
Armour         | 1 2 3 4 |  4.3
Fighting       | 4 5 |  5.7
Dodging        | |  2.7

Action                     |  1- 3 |  4- 6 |  7- 9 || total
---------------------------+-------+-------+-------++-------
  Melee: Hand axe          |    67 |       |       ||    67
         War axe           |     8 |    78 |   140 ||   226
  Throw: Boomerang         |       |     5 |     2 ||     7
         Stone             |       |     1 |     6 ||     7
         Javelin           |       |     3 |       ||     3
 Invoke: Divine Shield     |       |       |     1 ||     1
  Evoke: Wand              |       |       |     4 ||     4
    Use: Scroll            |       |       |     1 ||     1
         Potion            |       |       |     1 ||     1
 Armour: Robe              |    12 |       |       ||    12
         Scale mail        |    30 |    82 |   143 ||   255
  Dodge: Dodged            |    44 |    49 |    83 ||   176
